 Dungeon Crawl Stone Soup version 0.20.1-1-g8b1a95d (webtiles) character file.

480 Irenicus the Chopper (level 6, -10/57 HPs)
             Began as a Deep Dwarf Fighter on Oct 21, 2017.
             Was an Initiate of Makhleb.
             Killed by divine providence
             ... invoked by an orc priest
              (13 damage)
             ... on level 6 of the Dungeon.
             The game lasted 00:11:34 (3261 turns).

Irenicus the Chopper (Deep Dwarf Fighter)           Turns: 3261, Time: 00:11:34

Health: -10/57     AC:  9    Str: 24    XL:     6   Next: 86%
Magic:  6/6        EV: 10    Int:  9    God:    Makhleb [......]
Gold:   145        SH:  0    Dex: 12    Spells: 5/5 levels left

rFire    . . .     SeeInvis .   n - +0 hand axe
rCold    . . .     Gourm    .   (no shield)
rNeg     . . .     Faith    .   b - +0 scale mail
rPois    .         Spirit   .   (no helmet)
rElec    .         Reflect  .   (no cloak)
rCorr    .         Harm     .   p - +0 pair of gloves
MR       .....                  (no boots)
Stlth    ..........             (no amulet)
Regen    0.0/turn               (no ring)
MPRegen  0.1/turn               (no ring)

@: mighty, non-regenerating
A: damage resistance, heal wounds, rugged brown scales 1, clumsy 1, sense
surroundings 1, no regeneration
a: Heal Wounds, Renounce Religion


You were on level 6 of the Dungeon.
You worshipped Makhleb.
Makhleb was noncommittal.
You were not hungry.

You visited 2 branches of the dungeon, and saw 7 of its levels.

You collected 145 gold pieces.

Inventory:

Hand Weapons
 a - a +0 war axe
 n - a +0 hand axe (weapon)
Missiles
 q - 12 tomahawks (quivered)
Armour
 b - a +0 scale mail (worn)
 c - a +0 shield
 p - a +0 pair of gloves (worn)
 y - a +0 helmet
 z - a +0 leather armour
Wands
 u - a wand of confusion (17/48)
Scrolls
 e - 2 scrolls of recharging {unknown}
 h - 4 scrolls of remove curse
 i - 4 scrolls of identify {unknown}
 l - 2 scrolls of amnesia {unknown}
 m - a scroll of random uselessness {unknown}
 o - 2 scrolls of blinking {unknown}
 r - a scroll of enchant armour {unknown}
 t - a scroll of fear {unknown}
 A - a scroll of enchant weapon {unknown}
 B - a scroll of fog
Potions
 d - a potion of might
 k - 2 potions of agility
 v - 2 potions of lignification
 x - a potion of curing
Books
 C - a book of Battle

   Spells                             Type                      Level
   a - Infusion                       Charms                       1
   b - Shroud of Golubria             Charms/Translocation         2
   c - Song of Slaying                Charms                       2
   d - Spectral Weapon                Hexes/Charms                 3
   e - Regeneration                   Charms/Necromancy            3
Comestibles
 f - 4 bread rations
 g - 4 meat rations
 j - 3 royal jellies
 s - a fruit
 w - a chunk of flesh


   Skills:
 - Level 3.1 Fighting
 + Level 7.9 Axes
 - Level 3.2 Armour
 - Level 1.0 Dodging
 - Level 3.2 Shields


You had 5 spell levels left.
You didn't know any spells.

Dungeon Overview and Level Annotations

Branches:
Dungeon (6/15)             Temple (1/1) D:5

Altars:
Ashenzari
Dithmenos
Elyvilon
Gozag
Kikubaaqudgha
Makhleb
Qazlal
Xom
Zin
The Shining One

Shops:
D:5 =

Annotations:
D:3 Irenicus's ghost, amateur DrCK
D:5 Regeox's ghost, amateur MiFi


Innate Abilities, Weirdness & Mutations

You are resistant to damage.
You can heal yourself by infusing magical energy.
You passively map a small area around you.
You do not regenerate.
You are partially covered in rugged brown scales. (AC +1, +3% HP)
You are clumsy. (Dex -2)


Message History

You hear a shout!
You hit the orc warrior.
The orc warrior is moderately wounded.
The orc priest looks braver for a moment.
The orc warrior hits you with a hand axe!
You hit the orc warrior.
The orc warrior is moderately wounded.
An orc comes into view. It is wielding a short sword.
You hit the orc warrior but do no damage.
The orc warrior is moderately wounded.
The orc warrior hits you with a hand axe!
* * * LOW HITPOINT WARNING * * *
You fail to use your ability.
The orc warrior closely misses you.
The orc priest calls down the wrath of Beogh upon you.
Beogh smites you!
* * * LOW HITPOINT WARNING * * *
You fail to use your ability.
The orc warrior closely misses you.
The orc priest invokes the aid of Beogh against you.
Beogh smites you!
You die...

..... *.# ,
,,..>..* .# , ,
.o.oo######.# ,
............#
...o......<.# * ,
...:......# **
*##.....†##
##########......#
.......@ooo..$..#
..########......#
, , #......#
#......# *
######## *


You could see an orc warrior, an orc priest and an orc.

Vanquished Creatures
  A sky beast (D:5)
  A scorpion (D:6)
  A hound (D:4)
  An orc priest (D:3)
  A centaur skeleton (D:4)
  An iguana (D:4)
  2 worker ants (D:5)
  8 adders
  2 shadow imps
  2 oozes
  3 worms
  A dart slug (D:3)
  2 leopard geckos
  9 orcs
  A ball python (D:4)
  6 bats
  2 giant cockroaches
  4 goblins
  7 hobgoblins
  5 jackals (D:1)
  8 frilled lizards
  7 kobolds
  8 rats
83 creatures vanquished.

Notes
Turn   | Place    | Note
-------+----------+-------------------------------------------
     0 | D:1      | Irenicus the Deep Dwarf Fighter began the quest for the Orb.
     0 | D:1      | Reached XP level 1. HP: 20/20 MP: 1/1
   156 | D:1      | Reached XP level 2. HP: 25/28 MP: 2/2
   240 | D:1      | Reached skill level 3 in Axes
   723 | D:2      | Reached XP level 3. HP: 25/34 MP: 3/3
   971 | D:2      | Reached skill level 4 in Axes
  1035 | D:2      | Found a shattered altar of Ashenzari.
  1098 | D:2      | Found a faded altar of an unknown god.
  1171 | D:2      | Reached XP level 4. HP: 8/42 MP: 4/4
  1576 | D:3      | Noticed Irenicus's ghost (amateur DrCK)
  1660 | D:3      | Reached skill level 5 in Axes
  1786 | D:3      | Found a glowing golden altar of the Shining One.
  1864 | D:3      | Reached XP level 5. HP: 13/49 MP: 5/5
  1981 | D:3      | Reached skill level 6 in Axes
  2302 | D:4      | Reached XP level 6. HP: 26/56 MP: 6/6
  2863 | D:5      | Entered Level 5 of the Dungeon
  2883 | D:5      | Found a staircase to the Ecumenical Temple.
  2899 | Temple   | Entered the Ecumenical Temple
  2916 | Temple   | Became a worshipper of Makhleb the Destroyer
  2978 | D:5      | Noticed a sky beast
  3015 | D:5      | Killed a sky beast
  3015 | D:5      | Reached skill level 7 in Axes
  3018 | D:5      | Gained mutation: You are partially covered in icy blue scales. (AC +2) [mutagenic meat]
  3019 | D:5      | Gained mutation: You are clumsy. (Dex -2) [mutagenic meat]
  3020 | D:5      | Gained mutation: You have a pair of small antennae on your head. [mutagenic meat]
  3022 | D:5      | Gained mutation: Your skin changes colour to match your surroundings (Stealth+). [mutagenic meat]
  3023 | D:5      | Gained mutation: You are frail. (-10% HP) [mutagenic meat]
  3105 | D:5      | Found Lywof's Jewellery Shop.
  3203 | D:5      | Noticed Regeox's ghost (amateur MiFi)
  3220 | D:6      | Lost mutation: You are frail. (-10% HP) [potion of mutation]
  3220 | D:6      | Lost mutation: You are clumsy. (Dex -2) [potion of mutation]
  3220 | D:6      | Lost mutation: Your skin changes colour to match your surroundings (Stealth+). [potion of mutation]
  3220 | D:6      | Lost mutation: You are partially covered in icy blue scales. (AC +2) [potion of mutation]
  3220 | D:6      | Lost mutation: You have a pair of small antennae on your head. [potion of mutation]
  3220 | D:6      | Gained mutation: You are clumsy. (Dex -2) [potion of mutation]
  3220 | D:6      | Gained mutation: You are partially covered in rugged brown scales. (AC +1, +3% HP) [potion of mutation]
  3235 | D:6      | Reached skill level 1 in Dodging
  3239 | D:6      | Noticed an orc warrior
  3261 | D:6      | Killed from afar by an orc priest

Skill      XL: |  1  2  3  4  5  6 |
---------------+-------------------+-----
Fighting       | 3 |  3.1
Axes           | 3 4 5 6 7 |  7.9
Dodging        | 1 |  1.0
Armour         | |  3.2
Shields        | |  3.2

Action                   |  1- 3 |  4- 6 || total
-------------------------+-------+-------++-------
Melee: War axe           |    89 |       ||    89
       Hand axe          |    20 |   276 ||   296
 Abil: Heal Wounds       |       |     6 ||     6
  Use: Potion            |       |     6 ||     6
       Scroll            |       |     2 ||     2
 Stab: Invisible         |       |     1 ||     1
  Eat: Chunk             |     1 |    13 ||    14
Armor: Scale mail        |    60 |    98 ||   158
       Skin              |       |     5 ||     5
Dodge: Dodged            |    63 |   105 ||   168
